 Seeded DCSS version 0.32-a0-329-ge6c31236d6 (webtiles) character file.

Game seed: 8421772382647293069 (custom seed)

599 n00bmints the Cudgeller (level 7, -1/61 HPs)
             Began as a Minotaur Berserker on Feb 17, 2024.
             Was a Believer of Trog.
             Slain by an orc wizard
             ... wielding a +0 dagger
              (3 damage)
             ... on level 4 of the Dungeon.
             The game lasted 00:13:26 (2944 turns).

n00bmints the Cudgeller (Minotaur Berserker)        Turns: 2944, Time: 00:13:26

Health: -1/61      AC: 12    Str: 23    XL:     7   Next: 17%
Magic:  6/6        EV:  7    Int: 10    God:    Trog [**....]
Gold:   150        SH:  0    Dex: 10    Spells: 6/6 levels left

rFire   . . .        a - +0 mace
rCold   + . .        (no shield)
rNeg    . . .        k - +0 plate armour
rPois   .            (helmet restricted)
rElec   .            (no cloak)
rCorr   .            (no gloves)
SInv    .            (no boots)
Will    .....        (no amulet) Stlth
                     m - ring of protection from cold
HPRegen 0.30/turn    q - +6 ring of intelligence
MPRegen 0.10/turn

%: no passive effects
@: on berserk cooldown
A: horns 2, retaliatory headbutt
a: Renounce Religion, Berserk, Trog's Hand


You were on level 4 of the Dungeon.
You worshipped Trog.
Trog was pleased with you.
You visited 1 branch of the dungeon, and saw 4 of its levels.

You collected 150 gold pieces.

Inventory:

Hand Weapons
 a - a +0 mace (weapon)
Armour
 b - a +0 ring mail
 k - a +0 plate armour (worn)
Jewellery
 m - a ring of protection from cold (left hand)
 q - a +6 ring of intelligence (right hand)
Talismans
 l - a maw talisman
Scrolls
 c - a scroll of summoning {unknown}
 e - 3 scrolls of teleportation (quivered) {unknown}
 f - 2 scrolls of enchant weapon {unknown}
 i - a scroll of amnesia {unknown}
 n - a scroll of revelation {unknown}
 o - a scroll of identify {unknown}
 p - 2 scrolls of fear {unknown}
 r - a scroll of poison {unknown}
 s - a scroll of acquirement {unknown}
Potions
 d - a potion of mutation {unknown}
 g - a potion of enlightenment {unknown}
 h - 2 potions of curing {unknown}
 j - a potion of lignification {unknown}
 t - a potion of cancellation {unknown}


   Skills:
 + Level 5.2 Fighting
 + Level 7.1 Maces & Flails
 + Level 4.9 Armour
 + Level 3.7 Dodging
 + Level 0.9 Stealth


You had 6 spell levels left.
You didn't know any spells.
Your spell library was empty.

Dungeon Overview and Level Annotations

Branches:
Dungeon (4/15)
 Temple: D:4-7

Altars:
Ashenzari
Dithmenos
Hepliaklqana
Uskayaw
Vehumet
Wu Jian
Yredelemnul

Shops:
D:2 (


Innate Abilities, Weirdness & Mutations

You have a pair of horns on your head.
You reflexively headbutt those who attack you in melee.


Message History

Something hits you but does no damage.
The orc wizard hits you but does no damage.
Something hits you.
* * * LOW HITPOINT WARNING * * *
The orc wizard gestures at you while chanting.
The magic dart hits you but does no damage.
The hobgoblin completely misses you. The iguana attacks as it pursues you!
The iguana bites you.
* * * LOW HITPOINT WARNING * * *
An orc wizard appears from thin air!
Reactivating autopickup.
The hobgoblin attacks as it pursues you!
The hobgoblin hits you but does no damage.
The iguana bites you but does no damage.
The hobgoblin barely misses you.
The orc wizard hits you but does no damage.
The iguana bites you but does no damage.
The orc wizard mumbles some strange words.
The orc wizard flickers and vanishes!
Deactivating autopickup; reactivate with Ctrl-A.
The hobgoblin hits you but does no damage.
The orc wizard points at you and mumbles some strange words.
The puff of flame hits you but does no damage.
The hobgoblin hits you but does no damage.
The orc wizard hits you but does no damage.
Something hits you but does no damage. The hobgoblin hits you.
* * * LOW HITPOINT WARNING * * *
Something hits you.
* * * LOW HITPOINT WARNING * * *
The iguana bites you.
* * * LOW HITPOINT WARNING * * *
You feel yourself speed up.
The orc wizard gestures at you while chanting.
You resist with some effort. The iguana bites you.
* * * LOW HITPOINT WARNING * * *
The hobgoblin barely misses you. You furiously retaliate!
You headbutt the hobgoblin.
The orc wizard hits you with a +0 dagger.
You die...

### #..##### . ##.###..##
##......#
.........###.......###
..#.#.....##......... ##
.####......#........ ...
..#..............[.##.....#
..........##.........# ....
.........###.......#.##....
.........## .#.@.........#..
.##.......# #†lo........#.#
..........### #.g..........)##
........#...###...............
......####..##...............
>..##.# ##..#............#
#..#### ##..............# ####
#.........).)...#
#..........[†...#


You could see an iguana, an orc wizard and a hobgoblin.

Vanquished Creatures
  Sigmund (D:3)
  An ogre (D:4)
  A phantom (D:4)
  A howler monkey (D:4)
  A bombardier beetle (D:4)
  2 hounds (D:4)
  4 adders
  2 ribbon worms
  A dart slug (D:4)
  4 orcs (D:4)
  8 ball pythons
  2 bats
  4 endoplasms
  4 goblins
  8 hobgoblins
  A quokka (D:2)
  4 frilled lizards
  9 kobolds
  2 rats (D:2)
60 creatures vanquished.

Notes
Turn   | Place    | Note
-------+----------+-------------------------------------------
     0 | D:1      | n00bmints the Minotaur Berserker began the quest for the
                  | Orb.
     0 | D:1      | Reached XP level 1. HP: 19/19 MP: 0/0
   194 | D:1      | Reached skill level 4 in Maces & Flails
   194 | D:1      | Reached XP level 2. HP: 25/27 MP: 1/1
   492 | D:1      | Found a faded altar of an unknown god.
   688 | D:2      | Found Wyise's Antique Weapon Shop.
   712 | D:2      | Reached XP level 3. HP: 27/34 MP: 2/2
  1015 | D:2      | Found a radiant altar of Vehumet.
  1052 | D:2      | Reached XP level 4. HP: 35/41 MP: 3/3
  1242 | D:2      | Reached ** piety under Trog
  1823 | D:3      | Found a basalt altar of Yredelemnul.
  1859 | D:3      | Found a shadowy altar of Dithmenos.
  1954 | D:3      | Reached skill level 5 in Maces & Flails
  1969 | D:3      | Found a broken altar of Ashenzari.
  2116 | D:3      | Noticed Sigmund
  2132 | D:3      | Killed Sigmund
  2133 | D:3      | Reached skill level 6 in Maces & Flails
  2133 | D:3      | Reached XP level 5. HP: 34/47 MP: 4/4
  2133 | D:3      | Reached XP level 6. HP: 40/55 MP: 5/5
  2391 | D:4      | Found an ornate altar of the Wu Jian Council.
  2421 | D:4      | Reached skill level 5 in Fighting
  2784 | D:4      | Reached XP level 7. HP: 61/61 MP: 6/6
  2810 | D:4      | Found a hazy altar of Hepliaklqana.
  2813 | D:4      | Found a hide-covered altar of Uskayaw.
  2901 | D:4      | Reached skill level 7 in Maces & Flails
  2942 | D:4      | HP: 3/61 [something (2)]
  2944 | D:4      | Slain by an orc wizard

Illustrated notes

Levels and vault maps discovered:
D:1:      mushboom_english_gardens, layout_basic,
          dilly_ecumenical_altar_fadedgnrine
D:2:      layout_rooms, basic_altar, serial_shops, shop, minmay_door_square,
          nicolae_half_adder
D:3:      layout_loops_ring, lemuel_round_altar, yredelemnul_altar_generic,
          lemuel_crystal_altar, uniq_sigmund
D:4:      layout_cave_pools, gammafunk_temple_overflow_statue,
          mainiacjoe_overflow_alcove_1, gammafunk_ghost_grave

Skill      XL: |  1  2  3  4  5  6  7 |
---------------+----------------------+-----
Fighting       | 4 5 |  5.2
Maces & Flails | 4 6 7 |  7.1
Dodging        | 3 |  3.7
Armour         | 3 4 |  4.9
Stealth        | |  0.9

Action                     |  1- 3 |  4- 6 |  7- 9 || total
---------------------------+-------+-------+-------++-------
  Melee: Mace              |    46 |    76 |    13 ||   135
         Headbutt          |     5 |    13 |     1 ||    19
 Invoke: Berserk           |     1 |     4 |     1 ||     6
 Armour: Animal skin       |    37 |       |       ||    37
         Ring mail         |     3 |     4 |       ||     7
         Plate armour      |       |    76 |    74 ||   150
  Dodge: Dodged            |    47 |    25 |    13 ||    85

Table legend: (Time is in decaauts)
 A = Elapsed time spent in this place.
 B = Non-inter-level travel time spent in this place.
 C = Inter-level travel time spent in this place.
 D = Time resting spent in this place.
 E = Time spent auto-exploring this place.
 F = Levels seen in this place.
 G = Mean time per level.
                   A        B        C        D        E       F      G
               +--------+--------+--------+--------+--------+-----+--------+
         Total |   3013 |   2929 |     84 |      0 |   1190 |   4 |  753.2 |
       Dungeon |   3013 |   2929 |     84 |      0 |   1190 |   4 |  753.2 |
               +--------+--------+--------+--------+--------+-----+--------+

Top non-repeatable levels by time:
     D:2: 932 daAuts
     D:3: 835 daAuts
     D:1: 664 daAuts
     D:4: 581 daAuts
